Map: Frost LE

Players

blackxored

  • Race: Zerg Zerg
  • League: Diamond

Fanatig - Winner!

  • Race: Protoss Protoss
  • League: Diamond

VOD

Have the link to the VOD?

Description

Time

  • Played on: June 30, 2016, 8:14 a.m.
  • Length: 29:12
Show
View Real Time Build Order
Export as new Build Order

blackxored Zerg 

Build Orders: 3 Hatch before Pool, Lurkers 

Get SALT Encoding   

  12  0:01  Drone  
  13  0:11  Drone  
  14  0:19  Overlord  
  14  0:24  Extractor  
  14  0:25  Drone  
  15  0:42  Drone x2  
  17  0:56  Hatchery  
  16  0:59  Drone  
  17  1:08  Drone  
  17  1:09  Drone  
  19  1:27  Drone, Hatchery  
  19  1:32  Drone  
  20  1:42  Extractor  
  20  1:46  Spawning Pool  
  18  1:52  Drone x2  
  20  2:00  Drone  
  21  2:08  Drone  
  21  2:12  Drone  
  23  2:19  Drone  
  24  2:24  Overlord  
  24  2:33  Zergling x2  
  24  2:34  Zergling x2  
  24  2:36  Queen  
  28  2:38  Queen  
  28  2:39  Queen  
  32  2:48  Drone x3  
  35  3:03  Drone x4  
  35  3:04  Drone  
  40  3:09  Overlord  
  40  3:12  Pneumatized Carapace  
  40  3:18  Overlord  
  40  3:23  Extractor  
  40  3:24  Roach Warren, Drone  
  40  3:26  Drone  
  40  3:33  Zergling x6  
  42  3:35  Drone  
  42  3:36  Drone  
  44  3:42  Lair  
  44  3:46  Drone x2  
  47  3:48  Drone  
  47  3:57  Drone x3  
  47  4:01  Extractor, Drone x3  
  52  4:03  Drone  
  52  4:05  Extractor, Drone  
  52  4:07  Drone  
  52  4:09  Drone  
  55  4:17  Overlord x2  
  55  4:22  Overlord x2  
  55  4:31  Spore Crawler  
  55  4:34  Drone x2  
  55  4:37  Spore Crawler  
  55  4:38  Spore Crawler  
  54  4:40  Spore Crawler  
  54  4:41  Drone x2  
  55  4:57  Zergling x8, Spore Crawler  
  55  4:58  Spore Crawler  
  57  5:00  Roach  
  57  5:02  Spore Crawler  
  58  5:11  Overlord  
  58  5:23  Drone x11  
  69  5:30  Drone  
  69  5:31  Drone x3  
  69  5:32  Drone  
  69  5:34  Drone  
  75  5:40  Overlord  
  75  5:51  Drone  
  75  5:52  Drone x2, Evolution Chamber  
  75  5:53  Hydralisk Den  
  75  5:54  Evolution Chamber  
  75  5:56  Drone x2  
  77  6:00  Extractor  
  77  6:01  Drone x5  
  77  6:02  Extractor  
  80  6:06  Drone  
  80  6:10  Drone  
  80  6:11  Baneling Nest  
  81  6:22  Drone  
  82  6:26  Muscular Augments  
  82  6:31  Overlord x4  
  82  6:34  Overseer  
  82  6:35  Hatchery  
  81  6:49  Queen x3  
  81  6:51  Glial Reconstitution  
  81  6:53  Metabolic Boost  
  87  6:54  Centrifical Hooks  
  87  7:00  Drone  
  88  7:08  Zerg Missile Weapons Level 1, Zerg Melee Weapons Level 1  
  87  7:11  Hydralisk x5  
  87  7:13  Overlord x2  
  87  7:14  Overlord  
  97  7:47  Queen  
  99  7:51  Hydralisk x2  
  99  7:52  Hydralisk x8  
  99  7:54  Overlord x4  
  119  8:13  Zergling x22  
  119  8:16  Queen  
  132  8:21  Drone x6  
  132  8:22  Spore Crawler x2, Drone x3  
  132  8:24  Lurker Den  
  139  8:30  Zergling x6  
  138  8:45  Zergling x2  
  138  8:46  Zergling x26  
  144  8:57  Drone x7  
  145  9:03  Spire  
  145  9:08  Zergling x8  
  142  9:10  Hydralisk  
  133  9:21  Zergling x12  
  133  9:29  Zergling x6  
  131  9:36  Extractor  
  127  9:38  Extractor  
  127  9:45  Spire, Hydralisk x5  
  125  9:46  Hydralisk x4  
  125  9:48  Hatchery  
  125  9:51  Hydralisk x2  
  137  10:00  Zergling x14  
  137  10:03  Baneling x11  
  144  10:16  Zerg Missile Weapons Level 2, Zerg Melee Weapons Level 2  
  144  10:23  Zergling x2  
  144  10:24  Zergling x12  
  144  10:25  Overlord x2  
  151  10:30  Overlord  
  151  10:31  Overlord x3  
  151  10:43  Spore Crawler  
  151  10:44  Spine Crawler  
  151  10:45  Spine Crawler  
  151  10:47  Drone, Spine Crawler x2  
  151  10:48  Drone, Spine Crawler  
  151  10:49  Drone, Spine Crawler  
  144  10:50  Drone  
  142  10:58  Baneling  
  142  10:59  Baneling x12  
  142  11:00  Baneling x2  
  142  11:02  Baneling x2  
  142  11:03  Baneling  
  141  11:07  Queen  
  143  11:19  Drone  
  143  11:21  Drone  
  145  11:32  Zerg Flyer Weapons Level 1  
  145  11:38  Zergling x6  
  145  11:39  Zergling x8  
  152  11:44  Drone x3  
  152  11:45  Spine Crawler  
  154  11:47  Spine Crawler  
  154  11:48  Drone x2  
  154  11:49  Spore Crawler  
  154  11:54  Baneling  
  154  11:55  Baneling x2  
  109  12:11  Zergling x30  
  93  12:21  Mutalisk x4  
  97  12:33  Mutalisk x3  
  97  12:34  Mutalisk x2  
  103  12:38  Baneling x4  
  103  12:39  Baneling  
  103  12:41  Zergling x2  
  103  12:42  Zergling x6  
  104  12:48  Mutalisk x2  
  107  12:53  Hydralisk x2  
  103  13:12  Spawning Pool  
  102  13:20  Hydralisk x3  
  102  13:21  Hydralisk x2  
  102  13:22  Hydralisk  
  114  13:33  Mutalisk x3  
  114  13:34  Mutalisk x2  
  124  13:41  Hatchery  
  124  13:44  Mutalisk x4  
  131  13:58  Hydralisk x3  
  131  13:59  Hydralisk x2  
  142  14:02  Lurker  
  142  14:14  Hydralisk x2  
  142  14:15  Hatchery  
  145  14:17  Lurker x3  
  145  14:19  Lurker  
  149  14:34  Hydralisk x5  
  159  14:49  Overseer  
  159  14:53  Lurker  
  159  14:54  Lurker x2  
  156  15:29  Drone x6  
  162  15:42  Hatchery  
  162  15:45  Spine Crawler  
  162  15:46  Spine Crawler  
  136  16:17  Spire, Drone x4  
  136  16:18  Drone x4  
  143  16:19  Spine Crawler  
  129  16:40  Hydralisk Den  
  116  16:57  Zergling x6  
  116  16:58  Zergling x34  
  126  17:13  Lurker Den, Hydralisk  
  126  17:14  Hydralisk x4  
  126  17:35  Drone  
  127  17:37  Infestation Pit, Drone  
  127  17:38  Hydralisk x7  
  127  17:39  Hydralisk x3  
  147  17:45  Drone  
  148  17:52  Roach Warren  
  132  18:14  Hive  
  128  18:20  Hydralisk x3  
  128  18:21  Hydralisk x7  
  128  18:22  Hydralisk x5  
  157  18:37  Drone x2  
  157  18:38  Drone x3  
  158  18:43  Lurker  
  158  18:46  Spore Crawler  
  156  18:49  Corruptor x5  
  154  19:06  Corruptor  
  154  19:07  Corruptor x7  
  154  19:08  Corruptor x2  
  164  19:12  Overseer  
  164  19:17  Spore Crawler  
  164  19:18  Spine Crawler  
  164  19:19  Spine Crawler  
  164  19:21  Zergling x6  
  164  19:22  Zergling x4  
  166  19:26  Corruptor x2  
  164  19:34  Greater Spire  
  164  19:35  Hatchery  
  144  19:46  Zergling x12  
  144  19:59  Spine Crawler  
  137  20:00  Spine Crawler x2  
  137  20:01  Spine Crawler  
  137  20:02  Spine Crawler  
  137  20:03  Spine Crawler  
  127  20:08  Drone x8  
  127  20:10  Spine Crawler  
  127  20:11  Spine Crawler  
  127  20:12  Spine Crawler  
  127  20:13  Corruptor  
  127  20:14  Corruptor x2, Spine Crawler  
  125  20:40  Drone x6  
  125  20:44  Extractor  
  125  20:45  Extractor  
  100  20:51  Brood Lord x2  
  100  20:56  Extractor x2  
  91  21:32  Brood Lord x2  
  94  21:50  Spawning Pool  
  94  21:52  Brood Lord  
  95  21:55  Brood Lord  
  92  22:28  Corruptor x3  
  87  22:34  Drone x3  
  90  22:49  Hatchery  
  90  22:51  Brood Lord  
  91  23:08  Hatchery  
  91  23:09  Extractor  
  91  23:10  Extractor  
  88  23:16  Drone x5  
  88  23:17  Drone  
  78  24:08  Hatchery  
  76  24:15  Hatchery  
  73  24:42  Hatchery  
  56  25:34  Hatchery  
  55  25:39  Hatchery  
  55  25:40  Hatchery  
  55  25:42  Drone x2  
  54  25:59  Drone x2  
  54  26:00  Drone  
  55  26:29  Spawning Pool  
  46  26:42  Hatchery  
  46  27:24  Zergling x12  
  50  27:31  Hatchery  
  39  27:42  Zergling x4  
  23  27:58  Hatchery  
  11  28:20  Hatchery  
  1  28:45  Drone  
Show
View Real Time Build Order
Export as new Build Order

Fanatig Protoss - Winner!

Build Orders: Nexus First 

Get SALT Encoding   

  12  0:01  Probe (Chrono Boost)  
  13  0:11  Probe (Chrono Boost)  
  14  0:21  Pylon  
  14  0:22  Probe (Chrono Boost)  
  15  0:40  Probe (Chrono Boost)  
  16  0:50  Probe (Chrono Boost)  
  17  1:05  Nexus  
  17  1:15  Gateway  
  17  1:17  Probe (Chrono Boost)  
  18  1:25  Assimilator  
  18  1:28  Probe (Chrono Boost)  
  18  1:31  Assimilator  
  19  1:42  Probe (Chrono Boost)  
  20  1:52  Probe (Chrono Boost)  
  21  2:02  Cybernetics Core  
  21  2:03  Pylon, Probe (Chrono Boost)  
  22  2:13  Probe (Chrono Boost)  
  23  2:19  Probe (Chrono Boost)  
  24  2:26  Probe (Chrono Boost)  
  27  2:36  Probe (Chrono Boost)  
  28  2:38  Warp Gate  
  28  2:40  Adept  
  28  2:43  Probe (Chrono Boost)  
  29  2:47  Probe (Chrono Boost)  
  30  2:53  Pylon  
  30  2:54  Mothership Core (Chrono Boost)  
  30  2:56  Pylon  
  32  3:02  Probe (Chrono Boost)  
  33  3:07  Adept  
  33  3:12  Probe (Chrono Boost)  
  36  3:15  Probe (Chrono Boost)  
  37  3:22  Probe (Chrono Boost)  
  37  3:25  Probe (Chrono Boost)  
  39  3:32  Assimilator  
  39  3:33  Probe (Chrono Boost)  
  40  3:35  Assimilator  
  40  3:36  Probe (Chrono Boost)  
  40  3:39  Stargate  
  40  3:41  Stargate  
  41  3:43  Probe (Chrono Boost)  
  41  3:44  Gateway  
  41  3:47  Gateway  
  42  3:50  Probe (Chrono Boost)  
  42  3:54  Probe (Chrono Boost)  
  44  4:01  Probe (Chrono Boost)  
  45  4:04  Probe (Chrono Boost)  
  46  4:11  Probe (Chrono Boost)  
  46  4:15  Gateway, Probe (Chrono Boost)  
  46  4:16  Pylon  
  48  4:22  Probe (Chrono Boost)  
  49  4:25  Probe (Chrono Boost), Phoenix x2  
  54  4:33  Probe (Chrono Boost)  
  54  4:38  Pylon  
  55  4:50  Phoenix x2  
  59  5:12  Nexus  
  57  5:14  Probe (Chrono Boost)  
  57  5:15  Phoenix x2, Probe (Chrono Boost)  
  57  5:17  Pylon  
  57  5:18  Pylon  
  63  5:28  Probe x2 (Chrono Boost)  
  65  5:34  Robotics Facility x2  
  65  5:38  Pylon, Probe (Chrono Boost)  
  66  5:45  Probe (Chrono Boost)  
  66  5:49  Probe (Chrono Boost)  
  68  5:56  Assimilator  
  68  6:00  Assimilator  
  68  6:08  Probe x2 (Chrono Boost)  
  70  6:15  Gateway  
  70  6:17  Gateway  
  70  6:19  Probe x2 (Chrono Boost)  
  72  6:26  Observer x2  
  72  6:28  Probe (Chrono Boost)  
  72  6:29  Probe x2 (Chrono Boost)  
  72  6:32  Twilight Council  
  77  6:37  Forge  
  77  6:38  Probe (Chrono Boost)  
  77  6:39  Forge  
  78  6:42  Pylon  
  78  6:44  Probe x2 (Chrono Boost)  
  80  6:47  Warp Prism x2  
  80  6:49  Probe (Chrono Boost)  
  85  6:55  Probe x2 (Chrono Boost)  
  85  6:59  Probe (Chrono Boost)  
  88  7:09  Stalker  
  88  7:10  Stalker x3  
  88  7:14  Charge, Protoss Ground Weapons Level 1, Protoss Ground Armor Level 1  
  94  7:52  Immortal x2  
  94  7:55  Stalker x2  
  94  7:58  Probe (Chrono Boost)  
  107  8:09  Zealot  
  107  8:10  Zealot x3  
  115  8:13  Pylon  
  115  8:21  Zealot  
  115  8:22  Zealot  
  119  8:30  Zealot x3  
  119  8:32  Zealot  
  124  8:49  Zealot x2  
  124  8:52  Nexus  
  124  8:54  Pylon  
  118  8:56  Pylon  
  118  8:57  Zealot x4  
  124  9:13  Zealot  
  124  9:14  Zealot  
  124  9:17  Zealot  
  124  9:18  Zealot x3  
  112  9:25  Immortal x2  
  112  9:29  Templar Archives  
  114  9:31  Pylon  
  114  9:34  Gateway  
  114  9:36  Gateway, Protoss Ground Armor Level 2, Protoss Ground Weapons Level 2  
  114  9:39  Probe x3 (Chrono Boost)  
  114  9:40  Zealot  
  114  9:41  Zealot  
  117  9:46  Gateway x2  
  117  9:48  Pylon  
  111  9:59  Pylon  
  105  10:01  Pylon  
  105  10:03  Warp Prism  
  105  10:04  Immortal  
  105  10:06  Zealot x4  
  119  10:21  Probe (Chrono Boost)  
  120  10:23  Assimilator  
  120  10:25  Assimilator  
  120  10:30  Dark Shrine  
  120  10:35  High Templar x4  
  124  10:40  Immortal  
  130  11:01  Immortal  
  130  11:03  Archon  
  128  11:04  Archon  
  128  11:06  High Templar x4  
  128  11:07  High Templar x4  
  128  11:08  High Templar x2  
  128  11:10  Archon x2  
  128  11:11  Archon x3  
  148  11:14  Pylon  
  148  11:15  Pylon  
  148  11:19  Immortal  
  152  11:40  High Templar  
  152  11:41  High Templar x4  
  152  11:42  High Templar, Zealot x3  
  152  11:43  Zealot  
  152  11:45  Archon x2  
  152  11:46  Archon  
  172  11:47  Immortal  
  176  11:58  Immortal  
  168  12:03  Zealot x2  
  168  12:04  Zealot x2  
  136  12:16  Zealot x2  
  136  12:17  Zealot x4  
  148  12:30  Protoss Ground Weapons Level 3, Protoss Ground Armor Level 3  
  148  12:33  Zealot x4  
  156  12:44  High Templar x5  
  158  12:48  High Templar  
  158  12:49  Archon  
  158  12:50  Archon  
  168  12:52  Probe x2 (Chrono Boost)  
  168  12:53  Archon  
  168  12:55  Zealot x4  
  150  13:22  Phoenix x2  
  154  13:27  Dark Templar  
  154  13:28  Dark Templar x3, Nexus  
  154  13:33  Dark Templar x2  
  166  13:47  Phoenix  
  150  13:59  Phoenix  
  136  14:12  Phoenix  
  136  14:13  Probe x2 (Chrono Boost)  
  136  14:14  Probe x2 (Chrono Boost)  
  144  14:24  Phoenix, Probe x4 (Chrono Boost)  
  144  14:27  Pylon  
  144  14:30  Pylon  
  148  14:34  Probe (Chrono Boost), Assimilator  
  148  14:35  Dark Templar x3  
  148  14:37  Phoenix  
  156  14:39  Assimilator, Zealot x7  
  155  14:49  Phoenix  
  157  15:02  Phoenix  
  157  15:05  Probe x4 (Chrono Boost)  
  149  15:14  Phoenix  
  149  15:20  Zealot x8  
  161  15:27  Phoenix  
  160  15:43  Probe x3 (Chrono Boost)  
  144  16:10  Observer x2  
  146  16:11  Protoss Shields Level 1  
  146  16:13  Probe x3 (Chrono Boost)  
  146  16:14  Probe (Chrono Boost)  
  150  16:23  Phoenix x2  
  148  17:01  Probe x3 (Chrono Boost)  
  151  17:25  Probe x2 (Chrono Boost)  
  153  17:32  High Templar x3  
  153  17:33  High Templar x3  
  153  17:34  Zealot x3  
  153  17:35  Zealot  
  173  17:37  Archon x2  
  173  17:38  Archon  
  173  17:58  Dark Templar x4  
  164  18:06  Probe x2 (Chrono Boost)  
  164  18:07  Probe x2 (Chrono Boost)  
  167  18:18  Dark Templar x2  
  167  18:19  Zealot x4  
  179  18:35  Probe x3 (Chrono Boost)  
  170  18:43  Phoenix x2  
  167  18:51  Zealot x8  
  167  18:52  Zealot x2  
  181  18:55  Probe (Chrono Boost)  
  181  18:56  Probe x3 (Chrono Boost)  
  170  19:27  Probe x3 (Chrono Boost)  
  147  19:59  Zealot x6  
  159  20:08  Dark Templar x3  
  151  20:28  Zealot x4  
  139  21:03  Probe x4 (Chrono Boost)  
  143  21:11  Pylon, Probe (Chrono Boost)  
  144  21:17  High Templar  
  144  21:18  High Templar x6  
  152  21:21  Archon, Probe (Chrono Boost)  
  152  21:22  Archon x2  
  157  21:28  Dark Templar  
  157  21:32  Probe (Chrono Boost)  
  158  21:42  Probe (Chrono Boost)  
  156  21:53  Probe (Chrono Boost)  
  156  21:54  Probe (Chrono Boost)  
  158  22:03  Probe (Chrono Boost)  
  158  22:04  Probe (Chrono Boost)  
  160  22:14  Probe (Chrono Boost)  
  160  22:15  Probe (Chrono Boost)  
  134  22:25  Probe (Chrono Boost)  
  134  22:27  Dark Templar  
  77  23:04  Dark Templar  
  77  23:05  Dark Templar x5  
  82  23:13  Probe (Chrono Boost)  
  82  23:15  Assimilator  
  74  23:20  Probe (Chrono Boost)  
  74  23:23  Probe (Chrono Boost)  
  76  23:30  Probe (Chrono Boost)  
  78  23:41  Probe (Chrono Boost)  
  78  23:52  Probe (Chrono Boost)  
  77  24:02  Probe (Chrono Boost)  
  77  24:26  Observer  
  77  24:27  Observer  
  76  24:35  Zealot x9  
  94  24:45  Nexus  
  89  25:00  Probe (Chrono Boost)  
  90  25:10  Void Ray x2  
  90  25:13  Protoss Shields Level 2  
  99  25:15  Stalker  
  99  25:16  Stalker x8  
  112  25:43  Nexus  
  110  25:54  Pylon  
  110  25:55  Dark Templar  
  100  26:31  Void Ray  
  100  26:53  Zealot x7  
  98  27:42  Zealot x6  
Tags
 
Add a new tag
Caveats
  • Supply blocks, unpowered buildings, or Contaminate may cause inaccurate times.
  • Supply counts are checked every 10 seconds.